 Dungeon Crawl Stone Soup version 0.31.0-32-g396128a36d (webtiles) character file.

Game seed: 10658095581900815215

89 concernfroge the Trooper (level 4, -1/44 HPs)
             Began as a Minotaur Berserker on Apr 16, 2024.
             Was a Believer of Trog.
             Slain by Grinder (3 damage)
             ... on level 3 of the Dungeon.
             The game lasted 00:04:35 (2311 turns).

concernfroge the Trooper (Minotaur Berserker)       Turns: 2311, Time: 00:04:39

Health: -1/44      AC:  9    Str: 23    XL:     4   Next: 31%
Magic:  3/3        EV:  4    Int:  4    God:    Trog [**....]
Gold:   148        SH:  0    Dex: 10    Spells: 3/3 levels left

rFire   . . .        o - +2 mace (heavy)
rCold   . . .        d - +0 kite shield
rNeg    . . .        k - +0 chain mail
rPois   .            (helmet restricted)
rElec   .            (no cloak)
rCorr   .            (no gloves)
SInv    .            n - +0 pair of boots
Will    .....        (no amulet) Stlth
                     (no ring)
HPRegen 0.27/turn    (no ring)
MPRegen 0.08/turn

%: no passive effects
@: brilliant, on berserk cooldown, held, slowed, very slow
A: horns 2, retaliatory headbutt
a: Renounce Religion, Berserk, Trog's Hand


You were on level 3 of the Dungeon.
You worshipped Trog.
Trog was pleased with you.
You visited 1 branch of the dungeon, and saw 3 of its levels.

You collected 148 gold pieces.

Inventory:

Hand Weapons
 o - a +2 heavy mace (weapon)
Armour
 d - a +0 kite shield (worn)
 k - a +0 chain mail (worn)
 n - a +0 pair of boots (worn)
Scrolls
 c - a scroll of blinking {unknown}
 e - a scroll of immolation {unknown}
 f - a scroll of noise {unknown}
 g - 2 scrolls of teleportation {unknown}
 l - a scroll of acquirement {unknown}
Potions
 i - 2 potions of berserk rage {unknown}
 j - 2 potions of heal wounds {unknown}
 m - 2 potions of curing {unknown}


   Skills:
 + Level 6.3 Fighting
 - Level 3.6 Polearms
 - Level 2.4 Armour
 - Level 2.1 Dodging


You had 3 spell levels left.
You didn't know any spells.
Your spell library was empty.

Dungeon Overview and Level Annotations

Branches:
Dungeon (3/15)

Altars:

Annotations:
D:3 Grinder


Innate Abilities, Weirdness & Mutations

You have a pair of horns on your head.
You reflexively headbutt those who attack you in melee.


Message History

The ribbon worm expels a string of sticky webbing.
The stream of webbing hits you but does no damage.
You are caught in a web!
The ribbon worm bites you. Grinder hits you but does no damage.
The web tears apart.
The rat squeaks loudly.
You hear an angry hiss.
You hear a shout!
The ribbon worm bites you. Grinder hits you but does no damage.
The ribbon worm closely misses you. You furiously retaliate!
You headbutt the ribbon worm!
The ribbon worm bites you but does no damage.
As you read the scroll labelled SUPIARUOBEE, it crumbles to dust.
Your body is wracked with pain!
* * * LOW HITPOINT WARNING * * *
The ribbon worm convulses! x3; The giant cockroach convulses!
It was a scroll of torment.
Your skin stops crawling.
You feel less strong-willed.
The ribbon worm expels a string of sticky webbing.
You block the stream of webbing.
Grinder says, "Just stop there for a second..."
Grinder gestures at you. You resist with significant effort.
The ribbon worm expels a string of sticky webbing.
The stream of webbing hits you but does no damage.
You are caught in a web!
The ribbon worm bites you.
* * * LOW HITPOINT WARNING * * *
The rat bites you but does no damage. The ribbon worm bites you.
* * * LOW HITPOINT WARNING * * *
Grinder hits you.
* * * LOW HITPOINT WARNING * * *
You writhe in agony.
* * * LOW HITPOINT WARNING * * *
It was a potion of brilliance.
You feel clever all of a sudden. The rat bites you but does no damage.
The ribbon worm bites you but does no damage.
The ribbon worm completely misses you. You furiously retaliate!
You headbutt the ribbon worm, but do no damage.
Grinder hits you.
You die...
Grinder says, "Hey, I wasn't done torturing you yet!"

### ....... ..# #......
..# #..... ..# #....
..# #####...## . ..#
#..# #..B# . ..##
####.## #.ww# .#
...###....####.w@###.#
...#..>####.....5r...#
.#.#.#...##.....$....#
.#.#.#.#.##..........#
.#.#.#.#.##.........#.#
.#.#.#.#.##.........#
..
##.#.#.#.##.........# .
#.#.#.#.##.........# #
#.#.#.#.##.........# .#


You could see Grinder, 3 ribbon worms, a giant cockroach and a rat.

Vanquished Creatures
  3 gnolls (D:3)
  4 ribbon worms
  A dart slug (D:3)
  3 orcs (D:3)
  4 ball pythons
  2 bats
  3 endoplasms
  2 giant cockroaches (D:1)
  6 goblins
  A hobgoblin (D:2)
  5 kobolds
  A quokka (D:3)
  4 frilled lizards
  6 rats
45 creatures vanquished.

Notes
Turn   | Place    | Note
-------+----------+-------------------------------------------
     0 | D:1      | concernfroge the Minotaur Berserker began the quest for the
                  | Orb.
     0 | D:1      | Reached XP level 1. HP: 19/19 MP: 0/0
   195 | D:1      | Reached skill level 4 in Fighting
   253 | D:1      | Reached XP level 2. HP: 20/28 MP: 1/1
  1290 | D:2      | Reached skill level 5 in Fighting
  1368 | D:2      | Reached XP level 3. HP: 25/36 MP: 2/2
  1786 | D:2      | Reached ** piety under Trog
  1917 | D:3      | Reached skill level 6 in Fighting
  1917 | D:3      | Reached XP level 4. HP: 15/44 MP: 3/3
  2290 | D:3      | Noticed Grinder
  2291 | D:3      | Paralysed by Grinder for 5 turns
  2310 | D:3      | HP: 2/44 [Grinder (1)]
  2311 | D:3      | Slain by Grinder

Illustrated notes

Levels and vault maps discovered:
D:1:      minmay_arrival_solitary_statue, layout_basic
D:2:      layout_basic, minmay_fractal_squares_gapless_5
D:3:      layout_basic, mainiacjoe_overflow_surrounded_room,
          shapermc_ecumenical_altar_starsandcircs, nicolae_wormholes,
          uniq_terence, uniq_grinder

Skill      XL: |  1  2  3 |
---------------+----------+-----
Fighting       | 4 5 6 |  6.3
Polearms       | |  3.6
Armour         | |  2.4
Dodging        | |  2.1

Action                     |  1- 3 |  4- 6 || total
---------------------------+-------+-------++-------
  Melee: Spear             |   116 |       ||   116
         Headbutt          |    15 |     4 ||    19
         Mace              |     5 |    15 ||    20
 Invoke: Berserk           |     1 |     1 ||     2
         Trog's Hand       |       |     1 ||     1
    Use: Scroll            |       |     1 ||     1
         Potion            |       |     1 ||     1
 Armour: Animal skin       |     7 |       ||     7
         Leather armour    |    11 |       ||    11
         Chain mail        |    28 |    44 ||    72
  Dodge: Dodged            |    30 |    17 ||    47
  Block: Kite shield       |    28 |    15 ||    43
